Map: 여명 - 래더

Players

TYTY (TY)

  • Race: Terran Terran
  • League: Diamond
  • Spawn Location: 7:00

trusT - Winner!

  • Race: Protoss Protoss
  • Spawn Location: 1:00

VOD

Have the link to the VOD?

Description

Time

  • Played on: Nov. 27, 2016, 7:05 a.m.
  • Length: 13:05
Show
View Real Time Build Order
Export as new Build Order

TYTY Terran 

Build Orders: Reaper Expand 

Get SALT Encoding   

  12  0:00  SCV  
  13  0:12  SCV  
  14  0:18  Supply Depot  
  14  0:24  SCV  
  15  0:28  Refinery  
  15  0:40  SCV  
  16  0:45  Barracks  
  16  0:52  SCV  
  18  1:04  SCV  
  18  1:16  SCV  
  19  1:31  Reaper  
  19  1:32  Orbital Command  
  20  1:46  Command Center  
  20  1:59  SCV  
  21  2:02  Factory  
  21  2:07  Barracks Reactor  
  21  2:11  SCV  
  22  2:15  Refinery  
  22  2:19  Supply Depot  
  22  2:23  SCV  
  23  2:31  Engineering Bay  
  23  2:41  SCV  
  24  2:48  Starport  
  24  2:49  Marine x2  
  25  2:53  Widow Mine  
  25  2:56  SCV  
  28  3:09  Orbital Command  
  28  3:11  SCV  
  29  3:15  Marine  
  29  3:16  Marine  
  31  3:23  SCV  
  31  3:26  Medivac  
  36  3:29  Cyclone  
  36  3:33  Marine  
  38  3:36  SCV  
  38  3:38  Marine, SCV  
  41  3:44  Supply Depot  
  41  3:48  SCV  
  41  3:50  SCV  
  41  3:52  Marine  
  44  3:56  Marine  
  44  4:01  SCV  
  46  4:05  Viking  
  46  4:06  Cyclone  
  51  4:10  Supply Depot  
  51  4:12  SCV  
  51  4:16  SCV  
  53  4:18  Marine  
  54  4:31  Marine  
  54  4:32  SCV x2  
  54  4:35  Viking  
  59  4:40  Cyclone  
  59  4:42  Supply Depot  
  59  4:44  SCV  
  62  4:54  Command Center  
  62  5:04  SCV, Marine  
  64  5:07  Viking  
  64  5:10  SCV  
  65  5:16  SCV  
  65  5:17  Cyclone  
  68  5:26  SCV  
  70  5:28  SCV  
  70  5:34  Supply Depot x2  
  70  5:37  Marine  
  70  5:39  Marine  
  70  5:41  Viking, SCV x2  
  61  5:53  Engineering Bay, SCV x2  
  61  5:55  Marine  
  57  5:57  Marine  
  57  5:59  Factory Tech Lab  
  58  6:05  SCV x2  
  58  6:08  Barracks  
  60  6:13  Marine  
  60  6:14  Barracks, Orbital Command  
  60  6:17  Starport Tech Lab  
  60  6:18  SCV  
  63  6:21  Terran Infantry Weapons Level 1, Missile Turret  
  63  6:24  Marine  
  63  6:26  SCV  
  63  6:30  SCV  
  63  6:31  Marine  
  64  6:39  SCV x2  
  66  6:40  Factory Reactor  
  66  6:42  Starport Reactor, Missile Turret  
  66  6:44  Marine  
  67  6:49  Marine  
  67  6:51  SCV x2  
  67  6:57  SCV  
  68  7:01  Supply Depot  
  68  7:02  Refinery, Marine  
  68  7:03  Barracks x2, SCV  
  68  7:05  SCV  
  68  7:06  Marine  
  72  7:09  SCV  
  72  7:13  Marauder  
  72  7:14  Stimpack, Marauder  
  72  7:15  SCV  
  78  7:17  Refinery, SCV  
  78  7:18  Combat Shields  
  78  7:20  Marine  
  78  7:22  SCV  
  81  7:24  Marine  
  81  7:27  Refinery, Widow Mine x2, Supply Depot, SCV  
  81  7:29  SCV  
  88  7:34  Refinery, Marine, SCV  
  88  7:35  Medivac, Marine  
  88  7:36  Missile Turret  
  93  7:37  Marine  
  93  7:42  Marine  
  93  7:43  SCV x2  
  97  7:47  Medivac  
  97  7:52  Marine  
  97  7:53  Marine  
  97  7:54  Barracks Tech Lab  
  97  7:55  Barracks Reactor, Marine  
  97  7:57  SCV x3  
  103  8:00  Marine  
  104  8:07  Widow Mine x2  
  104  8:08  Medivac, Missile Turret  
  104  8:09  Missile Turret, SCV x3  
  104  8:12  Supply Depot  
  113  8:13  Missile Turret  
  113  8:15  Supply Depot  
  113  8:16  Marauder x2  
  117  8:33  Starport  
  117  8:34  Medivac, Marine x3  
  122  8:41  Widow Mine x2, Engineering Bay, Armory  
  122  8:42  Command Center  
  122  8:44  Missile Turret  
  122  8:46  Marine x2  
  122  8:47  Marauder x2  
  121  8:57  Marauder, Marine x2  
  121  8:59  Medivac  
  121  9:00  SCV x2  
  126  9:04  Medivac  
  126  9:08  Marauder  
  121  9:13  Marauder, Marine x2  
  121  9:15  Marine x2  
  126  9:19  Marauder  
  127  9:29  Cyclone x2, Marauder  
  127  9:31  Marine x2  
  129  9:34  Marauder  
  129  9:38  Liberator  
  133  9:40  Marine x2  
  133  9:42  Terran Infantry Weapons Level 2  
  132  9:46  Supply Depot  
  132  9:49  Marine  
  132  9:51  Marine  
  132  9:52  Medivac  
  133  9:54  Marauder  
  133  9:59  Marauder x2, Marine x2  
  142  10:07  Marine  
  136  10:09  Marine  
  130  10:15  Marine  
  130  10:17  Cyclone, Marine  
  130  10:18  Cyclone  
  130  10:19  Marine  
  130  10:21  Marauder x2  
  143  10:24  Barracks, Marine  
  143  10:25  Barracks  
  142  10:30  Terran Infantry Armor Level 1  
  142  10:33  Marauder  
  142  10:35  Marine x2  
  136  10:39  SCV x2  
  113  10:51  SCV x2  
  113  10:52  Marauder x2, Marine x4  
  113  10:55  Orbital Command  
  107  10:59  Medivac  
  107  11:01  Medivac  
  114  11:06  Widow Mine  
  112  11:14  Marauder x2  
  112  11:16  Marine  
  112  11:17  Marauder, Marine  
  117  11:19  Barracks Tech Lab  
  114  11:34  Marine x3  
  114  11:35  Marauder x2, Marine  
  114  11:38  Marauder  
  116  11:42  Marauder  
  116  11:47  Widow Mine x2  
  118  11:48  Orbital Command  
  118  11:54  Marine x2  
  119  11:57  Marauder, Marine  
  102  12:06  Marine  
  82  12:13  Marine  
  73  12:16  Marauder  
  73  12:17  Marine  
  73  12:19  Marine  
  77  12:23  Marine x3  
  80  12:30  Widow Mine x2  
  80  12:31  Marine  
  80  12:36  Marine x3  
  75  12:41  Marine  
Show
View Real Time Build Order
Export as new Build Order

trusT Protoss - Winner!

Build Orders: 1 Gate Expand, Phoenix Opening 

Get SALT Encoding   

  12  0:00  Probe (Chrono Boost)  
  13  0:11  Probe (Chrono Boost)  
  14  0:17  Pylon  
  14  0:22  Probe (Chrono Boost)  
  16  0:35  Probe (Chrono Boost)  
  16  0:36  Gateway  
  16  0:41  Assimilator  
  16  0:46  Probe (Chrono Boost)  
  17  0:57  Probe (Chrono Boost)  
  18  1:07  Probe (Chrono Boost)  
  19  1:18  Nexus  
  19  1:28  Cybernetics Core  
  19  1:31  Probe (Chrono Boost)  
  20  1:36  Assimilator  
  20  1:42  Probe (Chrono Boost)  
  21  1:50  Pylon  
  21  1:53  Probe (Chrono Boost)  
  22  2:04  Probe (Chrono Boost)  
  22  2:06  Adept  
  24  2:15  Stargate  
  24  2:20  Probe (Chrono Boost)  
  25  2:24  Warp Gate  
  25  2:30  Probe (Chrono Boost), Stalker  
  25  2:32  Probe (Chrono Boost)  
  29  2:54  Probe (Chrono Boost)  
  29  2:56  Phoenix  
  29  3:01  Probe (Chrono Boost)  
  33  3:06  Probe (Chrono Boost)  
  33  3:12  Probe (Chrono Boost)  
  34  3:18  Probe (Chrono Boost), Phoenix  
  35  3:22  Probe (Chrono Boost)  
  38  3:30  Probe (Chrono Boost)  
  38  3:33  Probe (Chrono Boost)  
  40  3:39  Phoenix  
  41  3:42  Probe (Chrono Boost)  
  41  3:43  Probe (Chrono Boost)  
  41  3:44  Pylon  
  44  3:54  Probe (Chrono Boost)  
  44  3:55  Probe (Chrono Boost)  
  46  3:59  Nexus  
  46  4:04  Probe (Chrono Boost)  
  46  4:05  Phoenix  
  46  4:07  Probe (Chrono Boost)  
  50  4:12  Pylon  
  50  4:20  Probe (Chrono Boost)  
  50  4:21  Mothership Core (Chrono Boost)  
  53  4:29  Gateway x2  
  54  4:31  Probe (Chrono Boost)  
  54  4:39  Probe (Chrono Boost)  
  54  4:42  Probe (Chrono Boost)  
  56  4:48  Assimilator  
  56  4:50  Probe (Chrono Boost)  
  56  4:52  Probe (Chrono Boost), Assimilator  
  58  4:55  Pylon  
  58  4:57  Twilight Council  
  58  4:58  Forge  
  58  5:01  Probe (Chrono Boost)  
  58  5:02  Adept  
  58  5:03  Probe (Chrono Boost)  
  62  5:15  Phoenix  
  62  5:18  Pylon  
  54  5:29  Stalker x3  
  60  5:37  Probe x3 (Chrono Boost)  
  54  5:48  Probe x3 (Chrono Boost)  
  51  5:56  Pylon  
  51  5:58  Probe x3 (Chrono Boost)  
  52  6:05  Robotics Facility  
  52  6:09  Probe x2 (Chrono Boost)  
  52  6:10  Probe (Chrono Boost)  
  55  6:16  Blink  
  55  6:17  Oracle  
  55  6:18  Protoss Ground Weapons Level 1  
  58  6:19  Probe (Chrono Boost)  
  58  6:21  Probe (Chrono Boost)  
  60  6:35  Probe x2 (Chrono Boost)  
  60  6:36  Probe (Chrono Boost)  
  63  6:44  Sentry  
  63  6:47  Probe x3 (Chrono Boost)  
  68  6:48  Pylon  
  68  6:57  Probe (Chrono Boost)  
  68  6:59  Probe (Chrono Boost)  
  68  7:00  Probe (Chrono Boost)  
  71  7:01  Observer  
  71  7:02  Sentry  
  71  7:05  Sentry  
  71  7:08  Probe (Chrono Boost)  
  77  7:09  Assimilator  
  77  7:11  Pylon, Probe (Chrono Boost)  
  77  7:12  Probe (Chrono Boost), Assimilator  
  79  7:18  Probe (Chrono Boost)  
  79  7:21  Sentry  
  84  7:24  Probe x2 (Chrono Boost)  
  84  7:27  Gateway x2  
  84  7:29  Probe (Chrono Boost), Gateway  
  85  7:36  Probe x2 (Chrono Boost)  
  87  7:49  Stalker x3  
  87  7:50  Probe x2 (Chrono Boost)  
  95  7:53  Pylon  
  95  7:56  Gateway  
  95  8:00  Gateway x2  
  95  8:05  Warp Prism  
  95  8:07  Gateway  
  95  8:11  Protoss Ground Armor Level 1  
  97  8:15  Resonating Glaives  
  97  8:16  Mothership Core (Chrono Boost)  
  99  8:20  Pylon, Stalker, Sentry x2  
  99  8:26  Pylon  
  105  8:36  Stalker x3  
  111  8:42  Pylon  
  101  9:04  Stalker x6  
  111  9:12  Observer  
  108  9:24  Sentry x2  
  108  9:25  Sentry x2  
  108  9:28  Stalker x6  
  116  9:49  Stalker x4  
  124  9:56  Stalker x5  
  124  9:57  Stalker  
  133  10:04  Protoss Ground Armor Level 2  
  125  10:20  Nexus  
  125  10:22  Pylon  
  125  10:28  Stalker x6  
  133  10:36  Stalker x3  
  137  10:44  Stalker  
  114  10:59  Stalker  
  114  11:00  Stalker x5  
  114  11:04  Adept, Sentry x2  
  126  11:20  Adept  
  126  11:24  Adept x6  
  140  11:28  Adept x2  
  142  11:33  Adept  
  138  11:53  Observer  
  135  11:55  Adept x4  
  135  11:56  Adept x5  
  117  12:15  Probe x2 (Chrono Boost)  
  111  12:16  Probe x2 (Chrono Boost), Assimilator  
  111  12:23  Adept  
  111  12:24  Adept x7  
  120  12:31  Adept x2  
  90  12:46  Stalker x3  
  90  12:47  Stalker x3  
  90  12:48  Sentry  
  90  12:49  Sentry  
  106  12:52  Sentry  
  106  12:53  Sentry  
Tags
 
Add a new tag
Caveats
  • Supply blocks, unpowered buildings, or Contaminate may cause inaccurate times.
  • Supply counts are checked every 10 seconds.